 Dungeon Sprint DCSS version 0.18.1-50-g88ac8fd (webtiles) character file.

138 Inkary the Cudgeler (level 5, -18/51 HPs)
             Began as a Minotaur Fighter on Sept 22, 2016.
             Killed from afar by a deep elf mage (24 damage)
             ... with a shard of ice
             ... in the Dungeon (Sprint III: "The Ten Rune Challenge").
             The game lasted 00:01:36 (277 turns).

Inkary the Cudgeler (Minotaur Fighter)               Turns: 277, Time: 00:01:37

Health: -18/51     AC:  7    Str: 21    XL:     5   Next: 1%
Magic:  4/4        EV:  8    Int:  5    God:
Gold:   16         SH: 10    Dex: 10    Spells: 0 memorised, 4 levels left

rFire  . . .     SeeInvis .     a - +0 flail
rCold  . . .     Gourm    .     b - +0 scale mail
rNeg   . . .     Faith    .     c - +0 shield
rPois  .         Spirit   .     (helmet restricted)
rElec  .         Dismiss  .     (no cloak)
rCorr  .         Reflect  .     (no gloves)
SustAt .         Harm     .     (no boots)
MR     .....     NoTele   +     (no amulet)
Stlth  ..........               (no ring)
                                (no ring)

@: not resistant to hostile enchantments, extremely unstealthy
A: retaliatory headbutt, horns 2
a: no special abilities


You were in the Dungeon.
You were not hungry.

You visited 1 branch You collected 16 gold pieces.

Inventory:

Hand Weapons
 a - a +0 flail (weapon)
Missiles
 l - 15 stones (quivered)
Armour
 b - a +0 scale mail (worn)
 c - a +0 shield (worn)
Scrolls
 k - a scroll of blinking
 n - a scroll of holy word {unknown}
 o - 3 scrolls of magic mapping
 r - a scroll of torment {unknown}
 s - a scroll of identify {unknown}
 t - a scroll of fog {unknown}
Potions
 d - a potion of might
 e - 2 potions of mutation {unknown}
 g - a potion of heal wounds
 h - a potion of haste
 i - 2 potions of magic
 j - a potion of berserk rage
 p - a potion of resistance {unknown}
 q - 2 potions of flight {unknown}
 u - a potion of cure mutation {unknown}
Comestibles
 f - 3 bread rations


   Skills:
 + Level 6.4 Fighting
 * Level 7.8 Maces & Flails
 + Level 6.4 Armour
 + Level 6.5 Shields


You had 4 spell levels left.
You didn't know any spells.

Dungeon Overview and Level Annotations

Branches:
Dungeon (1/1)

Altars:
Elyvilon
Zin
The Shining One


Innate Abilities, Weirdness & Mutations

You reflexively headbutt those who attack you in melee.
You have a pair of horns on your head.


Message History

You hit the deep elf mage.
The deep elf mage is lightly wounded.
The deep elf mage hits you but does no damage.
All of the chunks of flesh in your inventory have rotted away.
You barely miss the deep elf mage.
The deep elf mage is lightly wounded.
The deep elf mage completely misses you.
You furiously retaliate!
You headbutt the deep elf mage! You bludgeon the deep elf mage!!
The deep elf mage is severely wounded.
The deep elf mage points at you and mumbles some strange words.
The bolt of cold hits you!
Ouch! That really hurt!
* * * LOW HITPOINT WARNING * * *
You hit the deep elf mage.
You headbutt the deep elf mage, but do no damage.
The deep elf mage is almost dead.
The deep elf mage gestures at you while chanting.
The shard of ice hits you!
You die...

▓▓▓▓ ▓▓▓ ***** ** )..####
##.#####********,,,* *,
......#####..#___#__,*__**,,****∩
.......#..#..#.e@#,,,*,_*,,,,,,,,
#.##...#..#..###'#+###+#*,,,,,,,,
#.###..##'#..#..........*,,,,,,,,
##.##..###...'.⌠........*,,*,,,*,
..##.÷####...#...######+*,**,***,
..##..###....#.⌠.#__*,,,*+*******
.##...##.....#...#__*,,,*,,,,*,*,
##....#%.....#+###__*,,,**,*,,*,*
##..##.#.....#,,,*__*,,,+**,*,*,*


You could see a deep elf mage.

Vanquished Creatures
  A water elemental (D)
  A scorpion (D)
  A human (D)
  2 oozes (D)
  2 rats (D)
7 creatures vanquished.

Vanquished Creatures (others)
  2 draconian scorchers (D)
  3 plants (D)
5 creatures vanquished.

Grand Total: 12 creatures vanquished

Notes
Turn   | Place    | Note
--------------------------------------------------------------
     0 | D        | Inkary the Minotaur Fighter began the quest for the Orb.
     0 | D        | Reached XP level 1. HP: 19/19 MP: 0/0
     9 | D        | Reached skill level 3 in Maces & Flails
    13 | D        | Reached XP level 2. HP: 27/27 MP: 1/1
    45 | D        | Reached skill level 4 in Maces & Flails
    53 | D        | Noticed a scorpion
    60 | D        | Killed a scorpion
    60 | D        | Reached skill level 5 in Fighting
    60 | D        | Reached skill level 6 in Maces & Flails
    60 | D        | Reached skill level 5 in Armour
    60 | D        | Reached skill level 5 in Shields
    60 | D        | Reached XP level 3. HP: 27/36 MP: 2/2
    69 | D        | Reached XP level 4. HP: 21/42 MP: 3/3
   206 | D        | Killed a white draconian scorcher
   219 | D        | Killed a white draconian scorcher
   260 | D        | Noticed a water elemental
   265 | D        | Killed a water elemental
   265 | D        | Reached skill level 7 in Maces & Flails
   265 | D        | Reached XP level 5. HP: 34/51 MP: 4/4
   270 | D        | Found a glowing silver altar of Zin.
   270 | D        | Found a glowing golden altar of the Shining One.
   270 | D        | Found a white marble altar of Elyvilon.
   271 | D        | Noticed a deep elf mage
   277 | D        | Killed from afar by a deep elf mage

Skill      XL: |  1  2  3  4 |
---------------+-------------+-----
Fighting       | 4 5 6 |  6.4
Maces & Flails | 3 6 7 |  7.8
Armour         | 4 5 6 |  6.4
Shields        | 4 5 6 |  6.5

Action                   |  1- 3 |  4- 6 || total
-------------------------+-------+-------++-------
Melee: Flail             |    20 |     9 ||    29
       Headbutt          |     5 |     2 ||     7
Throw: Stone             |     2 |       ||     2
  Use: Potion            |     1 |       ||     1
       Scroll            |       |     1 ||     1
Armor: Scale mail        |     6 |     1 ||     7
Dodge: Dodged            |     2 |     2 ||     4
Block: Shield            |    10 |     2 ||    12
